 Dungeon Crawl Stone Soup version 0.26.1-11-gd32895ea62 (webtiles) character file.

Game seed: 8002962579492746251

345842 Exodus22XD the Executioner (level 21, -6/195 HPs)
             Began as a Hill Orc Monk on Apr 28, 2021.
             Was a High Priest of Beogh.
             Mangled by an azure jelly (37 damage)
             ... on level 5 of the Lair of Beasts on Apr 30, 2021.
             The game lasted 05:09:44 (43252 turns).

Exodus22XD the Executioner (Hill Orc Monk)         Turns: 43252, Time: 05:09:51

Health: -6/195     AC: 23    Str: 27    XL:     21   Next: 70%
Magic:  33/33      EV:  9    Int: 10    God:    Beogh [*****.]
Gold:   7716       SH: 21    Dex: 11    Spells: 20/20 levels left

rFire    + . .     SeeInvis .   N - +9 broad axe (distort)
rCold    . . .     Faith    .   I - +0 kite shield {reflect}
rNeg     . . .     Spirit   .   w - +3 plate armour {rF+}
rPois    +         Reflect  +   b - +0 helmet
rElec    +         Harm     .   x - +2 cloak
rCorr    .         Rampage  .   O - +1 pair of gloves
Will     ++...                  e - +0 pair of boots
Stlth    ..........             E - amulet of reflection
HPRegen  0.42/turn              D - ring of willpower
MPRegen  0.23/turn              v - ring "Otsoj" {Wiz rElec rPois Str+3 Dex-2}

@: corroded, studying Axes
A: walk on water
}: 3/15 runes: barnacled, silver, gossamer
a: Renounce Religion, Smiting, Recall Orcish Followers, Give Item to Named
Follower


You were on level 5 of the Lair of Beasts.
You worshipped Beogh.
Beogh was extremely pleased with you.
You visited 7 branches of the dungeon, and saw 37 of its levels.
You also visited: Sewer, Bailey, Gauntlet, Ice Cave and Volcano.

You collected 8791 gold pieces.
You spent 1075 gold pieces at shops.

Inventory:

Hand Weapons
 d - a +2 glaive of flaming
 N - a +9 broad axe of distortion (weapon)
Armour
 b - a +0 helmet (worn)
 e - a +0 pair of boots (worn)
 k - +0 fire dragon scales
 q - +0 ice dragon scales
 w - a +3 plate armour of fire resistance (worn)
 x - a +2 cloak (worn)
 I - a +0 kite shield of reflection (worn)
 O - a +1 pair of gloves (worn)
 S - +0 storm dragon scales
 Y - the +5 scale mail of Enumm {rN+}
   (You found it on level 5 of the Vaults)

   It protects you from negative energy.
Jewellery
 v - the ring "Otsoj" (right hand) {Wiz rElec rPois Str+3 Dex-2}
   (You found it on level 2 of the Vaults)

   [ring of wizardry]

   It improves your spell success rate.
   It affects your strength (+3).
   It affects your dexterity (-2).
   It insulates you from electricity.
   It protects you from poison.
 D - a ring of willpower (left hand)
 E - an amulet of reflection (around neck)
 G - an uncursed amulet of regeneration
 L - an uncursed ring of protection from fire
 Z - an uncursed ring of protection from cold
Wands
 f - a wand of flame (76)
 h - a wand of digging (5)
 u - a wand of iceblast (26)
 z - a wand of disintegration (12)
 P - a wand of paralysis (41)
 X - a wand of acid (11)
Scrolls
 a - 4 scrolls of torment
 c - 9 scrolls of identify
 i - 20 scrolls of teleportation
 m - 2 scrolls of brand weapon
 n - 15 scrolls of remove curse
 o - 2 scrolls of fear
 p - 5 scrolls of blinking
 r - 9 scrolls of enchant armour
 s - 7 scrolls of fog
 t - 2 scrolls of summoning
 y - 5 scrolls of vulnerability
 B - 6 scrolls of magic mapping
 J - 2 scrolls of enchant weapon
 M - 5 scrolls of immolation
Potions
 g - 4 potions of resistance
 j - 6 potions of flight
 l - 3 potions of ambrosia
 A - 2 potions of lignification
 C - 3 potions of cancellation
 H - 2 potions of attraction
 K - 2 potions of invisibility
 Q - 7 potions of mutation
 R - 12 potions of curing
 T - 3 potions of magic
 U - 7 potions of berserk rage
Books
 W - a manual of Axes


   Skills:
 + Level 18.5 Fighting
 + Level 22.6 Axes
 * Level 18.6 Armour
 - Level 2.4 Dodging
 - Level 1.5 Stealth
 * Level 19.8 Shields
 * Level 17.6 Invocations
 - Level 0.1 Evocations


You had 20 spell levels left.
You didn't know any spells.
Your spell library contained the following spells:

 Spells                   Type           Power        Failure   Level
 Confusing Touch          Hex            0%           90%         3
 Gell's Gravitas          Tloc           0%           90%         3
 Petrify                  Tmut/Erth      0%           99%         4
 Metabolic Englaciation   Hex/Ice        0%           100%        5
 Yara's Violent Unravell  Hex/Tmut       0%           100%        5


Dungeon Overview and Level Annotations

Branches:
Dungeon (15/15)            Temple (0/1) D:7            Lair (5/6) D:11
 Shoals (4/4) Lair:2       Spider (4/4) Lair:2        Slime (2/5) Lair:5
    Orc (2/2) D:10            Elf (0/3) Orc:2        Vaults (5/5) D:14
  Crypt (0/3) Vaults:2     Depths (0/5) D:15          Sewer (visited)
 Bailey (visited)           IceCv (visited)         Volcano (visited)
Gauntlet (visited)

Altars:
Ashenzari
Cheibriados
Dithmenos
Hepliaklqana
Kikubaaqudgha
Nemelex Xobeh
Trog
Xom
Yredelemnul
Zin

Shops:
D:8 (   D:15 ?   Orc:2 ==!}   Shoals:4 *   Vaults:1 (

Portals:
Trove: D:14 (give +5 demon whip)

Annotations:
Abyss:1 Roxanne


Message History

Nergalle is burned by acid!
Bogrim hits the azure jelly from afar with a +2 glaive of flaming!!
Bogrim burns the azure jelly.
You hit the acid blob.
Your hands burn!
* * * LOW HITPOINT WARNING * * *
The acid blob is almost dead.
You slice the azure jelly!!
Space bends around the azure jelly.
The acid blob blinks!
The azure jelly hits you.
* * * LOW HITPOINT WARNING * * *
The azure jelly freezes you!!!
* * * LOW HITPOINT WARNING * * *
The azure jelly misses you. You block the azure jelly's attack. x2
You feel much better.
Herok hits the acid blob with a +4 halberd of freezing!
Herok freezes the acid blob.
The acid corrodes Herok!
Herok is burned by acid!
You block the azure jelly's attack. The azure jelly hits you!
* * * LOW HITPOINT WARNING * * *
The azure jelly freezes you!!!
You die...

### #.##########
####.#.#..#..##
##...@..o......#####
#.#..ZJ.........P..###
###.o.............#...
#o#...........##......
##.Zo....o.....##.....
#..J........P####....
#...........## #....
###...........# #....
#..#...##.#.)#########


You could see an acid blob, an azure jelly, the friendly Bogrim the orc warlord
(strong), the friendly Herok the orc warlord (fast, corroded), the friendly Oreg
the orc knight (strong), the friendly Nergalle (strong), a friendly spectral orc
(summoned) and a friendly spectral orc knight (summoned).

Vanquished Creatures
  A golden dragon (Vaults:5)
  A titan (Vaults:5)
  Frances (D:14)
  A tengu reaver (Vaults:5)
  A shadow dragon (shapeshifter) (Vaults:5)
  A deep elf sorcerer (Vaults:5)
  3 frost giants
  4 ghost moths
  4 vault wardens
  3 ironheart preservers
  3 stone giants
  A very ugly thing (Vaults:5)
  3 entropy weavers
  A spark wasp (Spider:4)
  2 ettins
  A crystal guardian (Vaults:4)
  4 merfolk javelineers
  4 merfolk impalers
  A great orb of eyes (Slime:2)
  2 yaktaur captains
  A deep elf high priest (Vaults:5)
  A hydra (Lair:4)
  2 boulder beetles
  Harold (D:7)
  20 vault guards
  2 death knights
  2 merfolk avatars
  A satyr (Shoals:3)
  10 centaur warriors
  A merfolk aquamancer (Shoals:2)
  16 two-headed ogres
  7 ogre magi
  A death scarab (Spider:4)
  A deep troll shaman (Vaults:4)
  A death yak (IceCv)
  A deep troll earth mage (D:12)
  2 deep elf knights
  2 skeletal warriors (D:13)
  2 glowing orange brains
  4 deep trolls
  3 wizards
  2 unseen horrors
  6 sea snakes
  Pikel (D:7)
  2 phantasmal warriors (Vaults:5)
  5 harpies
  A necromancer (Gauntlet)
  7 orb spiders
  7 ironbrand convokers
  6 wolf spiders
  A wolf spider zombie (Spider:4)
  2 deep elf magi
  2 orb spiders (shapeshifter)
  3 orc knights
  9 cyclopes
  A cyclops (shapeshifter) (Vaults:5)
  A moth of wrath (Spider:4)
  14 ugly things
  8 manticores
  9 fauns
  10 merfolk sirens
  2 salamanders (Volcano)
  3 black mambas
  4 water nymphs (Shoals:4)
  3 elephants
  An ice statue (IceCv)
  A gargoyle (D:15)
  8 vault sentinels
  A torpor snail (Gauntlet)
  A cane toad (Lair:3)
  2 freezing wraiths
  10 yaktaurs
  5 demonic crawlers
  6 komodo dragons
  11 jumping spiders
  A merfolk (shapeshifter) (Vaults:5)
  2 tengu conjurers (D:13)
  11 merfolk
  2 spectral tarantellas (Spider:4)
  11 trolls
  20 polar bears
  2 wind drakes
  6 hornets
  2 snapping turtles (Shoals:3)
  6 slime creatures
  5 dream sheep
  6 blink frogs
  A shadow (D:12)
  5 water elementals
  3 wraiths
  31 redbacks
  9 tarantellas
  A tarantella (shapeshifter) (Vaults:3)
  A wyvern (shapeshifter) (D:15)
  Eustachio (D:4)
  2 hogs (Shoals:4)
  24 yaks
  A wyvern (D:14)
  2 fire bats (Volcano)
  A golden eye (shapeshifter) (Vaults:4)
  2 vampire mosquitoes (D:15)
  2 basilisks
  2 wargs
  A warg (shapeshifter) (D:14)
  A soldier ant (D:15)
  2 hell hounds (Volcano)
  9 water moccasins
  6 orc warriors
  4 ice beasts
  3 phantoms
  7 sky beasts
  2 necrophages
  A hornet zombie (Spider:4)
  5 boggarts
  A black bear (D:11)
  25 ogres
  32 wolves
  A centaur (shapeshifter) (Vaults:5)
  7 small abominations
  11 centaurs
  2 lemures (D:7)
  4 big kobolds
  8 gnoll sergeants
  10 bullfrogs
  A water moccasin zombie (D:6)
  4 scorpions
  A human simulacrum (Vaults:1)
  8 killer bees
  8 wights
  5 electric eels
  3 howler monkeys
  2 bullfrog zombies
  3 centaur skeletons
  8 hounds
  4 jellies
  12 orc wizards
  2 quasits
  7 orc priests
  Crazy Yiuf (D:5)
  2 bullfrog skeletons
  4 iguanas
  5 gnoll shamans (Bailey)
  Ijyb (D:5)
  5 worker ants
  19 gnolls
  17 adders
  A howler monkey skeleton (D:4)
  4 shadow imps
  4 white imps
  An ufetubus (D:6)
  2 adder zombies
  4 worms (D:2)
  11 leopard geckos
  22 orcs
  8 bats
  7 giant cockroaches
  10 goblins
  6 hobgoblins
  12 jackals
  31 kobolds
  3 quokkas
  6 ball pythons
  9 frilled lizards
  2 leopard gecko skeletons
  A leopard gecko zombie (D:6)
  13 rats
  A butterfly (D:3)
  A tentacle (Shoals:4)
863 creatures vanquished.

Vanquished Creatures (collateral kills)
  Bai Suzhen (Shoals:3)
  Xtahua (Vaults:2)
  Nikola (Spider:3)
  Jorgrun (Shoals:3)
  2 liches
  2 titans (Vaults:5)
  The ghost of Dalyotam the Spry, an adept OpDe of Ru (Shoals:3)
  Asterion (Vaults:1)
  A kraken (Shoals:4)
  An ancient champion (Vaults:2)
  3 sphinxes (Vaults:5)
  Kirke (Shoals:4)
  Donald (Vaults:1)
  An azure jelly (Lair:5)
  A storm dragon (Vaults:5)
  Ilsuiw (Shoals:2)
  4 tengu reavers (Vaults:5)
  3 frost giants
  10 vault wardens
  2 fire giants
  An iron dragon (Vaults:5)
  A deep elf elementalist (Vaults:5)
  A ghost moth (Spider:4)
  A deep elf sorcerer (Vaults:5)
  3 emperor scorpions (Spider:4)
  A ghoul (Vaults:4)
  8 ironheart preservers
  6 stone giants
  A war gargoyle (Vaults:5)
  5 very ugly things
  An entropy weaver (shapeshifter) (Vaults:4)
  3 entropy weavers
  3 spark wasps
  An eidolon (Vaults:2)
  A deep elf death mage (Vaults:5)
  An ettin (Vaults:5)
  4 merfolk javelineers
  3 merfolk impalers
  4 fire dragons
  5 yaktaur captains
  A deep elf high priest (Vaults:5)
  8 vault guards
  3 ogre magi
  2 ice dragons
  3 boulder beetles
  The ghost of H0rd4k the Slicer, a journeyman HuAr of Gozag (Lair:1)
  7 hydras
  13 two-headed ogres
  A merfolk aquamancer (Shoals:4)
  3 alligator snapping turtles
  3 centaur warriors
  A two-headed ogre (shapeshifter) (Vaults:5)
  2 catoblepae
  2 death knights
  2 dancing weapons
  A satyr (shapeshifter) (Vaults:5)
  3 large abominations (Vaults:5)
  6 death scarabs (Spider:4)
  3 merfolk avatars
  A deep elf knight (Vaults:4)
  14 slime creatures
  A flayed ghost (Vaults:2)
  An unseen horror (D:11)
  9 deep trolls
  A deep elf archer (Vaults:5)
  4 ironbrand convokers
  4 sea snakes
  A wizard (Vaults:2)
  A lindwurm (shapeshifter) (Vaults:5)
  11 harpies
  2 phantasmal warriors (Vaults:5)
  A wolf spider zombie (Spider:4)
  3 spectral wolf spiders (Spider:4)
  6 orc knights
  15 wolf spiders
  18 ugly things
  12 orb spiders
  9 deep elf magi
  3 orc sorcerers
  A manticore (shapeshifter) (Vaults:5)
  14 fauns
  4 manticores
  A cyclops (shapeshifter) (Vaults:1)
  5 cyclopes
  An elephant (shapeshifter) (Vaults:5)
  10 vault sentinels
  A moth of wrath (Spider:4)
  7 merfolk sirens
  2 black mambas
  2 water nymphs
  5 elephants
  A torpor snail (shapeshifter) (D:15)
  10 cane toads
  10 yaktaurs
  2 rime drakes
  A spectral redback (Spider:4)
  2 komodo dragons
  A redback zombie (Spider:4)
  7 demonic crawlers
  3 small abominations (Vaults:5)
  A freezing wraith (D:12)
  A tengu conjurer (D:15)
  11 merfolk
  6 trolls
  36 jumping spiders
  2 polar bears (Lair:5)
  2 wind drakes
  10 hornets
  Prince Ribbit (Lair:2)
  2 jumping spider zombies (Spider:4)
  7 blink frogs
  A tarantella zombie (Spider:4)
  4 spectral tarantellas (Spider:4)
  4 snapping turtles
  2 dream sheep (Shoals:3)
  45 redbacks
  2 shadows (D:12)
  2 water elementals
  16 tarantellas
  4 wraiths
  13 yaks
  2 wyverns
  3 hogs (Shoals:4)
  A human (shapeshifter) (Vaults:4)
  2 basilisks
  5 wargs
  An acid dragon (Vaults:1)
  7 water moccasins
  A spectral hornet (Spider:4)
  3 sky beasts
  A hornet zombie (Spider:4)
  3 phantoms
  An eye of draining (D:14)
  3 ice beasts
  6 orc warriors
  A necrophage (D:10)
  2 black bears
  15 ogres
  2 boggarts (Vaults:3)
  5 centaurs
  3 wolves (Lair:5)
  A lemure (D:7)
  2 big kobolds
  10 bullfrogs
  2 gnoll sergeants
  A wyvern skeleton (D:12)
  9 killer bees
  6 wights
  5 howler monkeys
  6 centaur zombies
  A hound (D:12)
  A quasit (D:8)
  3 centaur skeletons
  A jelly (D:7)
  3 orc priests
  A gnoll shaman (Bailey)
  2 iguanas
  A worker ant (D:8)
  4 orc wizards
  A gnoll (Bailey)
  A howler monkey skeleton (D:11)
  7 adders
  3 white imps
  An adder zombie (D:7)
  An adder skeleton (D:7)
  17 orcs
  A goblin (Orc:1)
  A kobold (D:7)
  2 quokkas (D:12)
  2 butterflies
  5 crawling corpses (Vaults:5)
  2 plants
707 creatures vanquished.

Vanquished Creatures (others)
  6 orc warlords
  A merfolk javelineer (Shoals:4)
  An orc high priest (Vaults:5)
  Nergalle (Shoals:4)
  An ogre mage (Vaults:4)
  14 orc knights
  4 orc sorcerers (Vaults:5)
  A polar bear (IceCv)
  A hornet (Vaults:2)
  24 orc warriors
  A yak (IceCv)
  A wolf (IceCv)
  13 orc priests
  18 orc wizards
  54 orcs
  23 demonic plants (Gauntlet)
  46 fungi
  187 plants
  7 tentacles (Shoals:4)
404 creatures vanquished.

Grand Total: 1974 creatures vanquished

Notes
Turn   | Place    | Note
-------+----------+-------------------------------------------
     0 | D:1      | Exodus22XD the Hill Orc Monk began the quest for the Orb.
     0 | D:1      | Reached XP level 1. HP: 19/19 MP: 1/1
   330 | D:1      | Reached XP level 2. HP: 26/27 MP: 2/2
   753 | D:1      | Reached skill level 1 in Armour
  1083 | D:1      | Reached XP level 3. HP: 33/33 MP: 3/3
  1504 | D:2      | Found a broken altar of Ashenzari.
  1647 | D:2      | Found a basalt altar of Yredelemnul.
  1655 | D:2      | Reached skill level 5 in Axes
  2140 | D:2      | Reached XP level 4. HP: 37/41 MP: 4/4
  2338 | D:2      | You fall into a shaft and drop 1 floor!
  2491 | D:2      | Reached XP level 5. HP: 47/47 MP: 5/5
  2650 | D:2      | Reached skill level 6 in Axes
  3136 | D:2      | HP: 2/47 [poisoned by a worker ant]
  3143 | D:2      | HP: 2/47 [poisoned by a worker ant]
  3151 | D:2      | HP: 1/47 [poisoned by a worker ant]
  3698 | D:3      | Reached skill level 5 in Fighting
  3707 | D:3      | Found a shadowy altar of Dithmenos.
  3874 | D:3      | Found a shimmering altar of Xom.
  4027 | D:3      | Found a glowing silver altar of Zin.
  4028 | D:3      | Found a snail-covered altar of Cheibriados.
  4245 | D:4      | Noticed a phantom
  4248 | D:4      | Noticed Eustachio
  4282 | D:4      | Killed Eustachio
  4283 | D:4      | Reached skill level 7 in Axes
  4283 | D:4      | Reached XP level 6. HP: 24/56 MP: 6/6
  4315 | D:4      | Killed a phantom
  4316 | D:4      | Reached XP level 7. HP: 21/62 MP: 7/7
  4604 | D:4      | Found a glowing drain.
  4633 | Sewer    | Entered a sewer
  4778 | Sewer    | Reached skill level 8 in Axes
  4990 | D:4      | Became a worshipper of Beogh the Brigand
  4990 | D:4      | Reached * piety under Beogh
  4990 | D:4      | Reached ** piety under Beogh
  5271 | D:4      | Reached XP level 8. HP: 66/70 MP: 8/8
  5361 | D:4      | Found a hazy altar of Hepliaklqana.
  5661 | D:5      | Entered Level 5 of the Dungeon
  5706 | D:5      | Reached skill level 9 in Axes
  5706 | D:5      | Reached skill level 5 in Armour
  5784 | D:5      | Found a runed translucent door.
  5785 | D:5      | Noticed Crazy Yiuf
  5975 | D:5      | Noticed Ijyb
  6003 | D:5      | Killed Ijyb
  6782 | D:5      | Killed Crazy Yiuf
  7638 | D:6      | Reached skill level 10 in Axes
  8049 | D:7      | Reached *** piety under Beogh
  8052 | D:7      | Reached XP level 9. HP: 66/79 MP: 9/9
  8054 | D:7      | Reached skill level 11 in Axes
  8470 | D:7      | Noticed Harold
  8483 | D:7      | Killed Harold
  8484 | D:7      | Reached skill level 12 in Axes
  8504 | D:7      | Noticed Pikel
  8524 | D:7      | Killed Pikel
  8525 | D:7      | Reached skill level 13 in Axes
  8525 | D:7      | Reached XP level 10. HP: 41/90 MP: 10/10
  8527 | D:7      | Identified the +5 quarterstaff of Checkmate {vorpal,
                  | *Contam Will+ Str+4}
  8849 | D:7      | Found a staircase to the Ecumenical Temple.
  9123 | D:8      | Reached **** piety under Beogh
  9126 | D:8      | Reached skill level 1 in Invocations
  9177 | D:8      | Found Yptymudd's Weapon Emporium.
  9493 | D:8      | Gained Wulfoc as an ally
  9494 | D:8      | Reached skill level 1 in Shields
 10423 | D:10     | Entered Level 10 of the Dungeon
 10431 | D:10     | Identified the cursed +0 short sword of Uhexelak {speed,
                  | rN+ Int+2}
 10466 | D:10     | Reached skill level 14 in Axes
 10820 | D:10     | Noticed a two-headed ogre
 10826 | D:10     | Noticed a two-headed ogre
 10830 | D:10     | Killed a two-headed ogre
 10831 | D:10     | Reached XP level 11. HP: 89/99 MP: 12/14
 10836 | D:10     | Killed a two-headed ogre
 10848 | D:10     | Reached ***** piety under Beogh
 11060 | D:10     | Found a staircase to the Orcish Mines.
 11365 | D:11     | Reached skill level 10 in Fighting
 11372 | D:11     | Your ally Wulfoc died
 11393 | D:11     | Killed an unseen horror
 11508 | D:11     | Reached skill level 5 in Invocations
 11520 | D:11     | Found a staircase to the Lair.
 11604 | D:11     | Noticed a cyclops
 11612 | D:11     | Killed a cyclops
 11698 | D:11     | Found a sparkling altar of Nemelex Xobeh.
 11849 | D:12     | Noticed a centaur warrior
 11852 | D:12     | Noticed a manticore
 11862 | D:12     | Killed a centaur warrior
 11863 | D:12     | Reached skill level 15 in Axes
 11868 | D:12     | Killed a manticore
 11877 | D:12     | Noticed a purple ugly thing
 11880 | D:12     | Noticed an orc knight
 11890 | D:12     | Killed a purple ugly thing
 11914 | D:12     | Killed an orc knight
 11915 | D:12     | Reached skill level 10 in Armour
 11919 | D:12     | Killed a two-headed ogre
 11985 | D:12     | Noticed a cyclops
 11986 | D:12     | Noticed a two-headed ogre
 11991 | D:12     | Killed a cyclops
 11996 | D:12     | Killed a two-headed ogre
 12008 | D:12     | Reached XP level 12. HP: 91/108 MP: 16/16
 12013 | D:12     | Noticed a fire dragon
 12035 | D:12     | Killed a fire dragon
 12036 | D:12     | Reached skill level 5 in Shields
 12041 | D:12     | Gained Ugrim as an ally
 12056 | D:12     | Noticed a deep troll earth mage
 12063 | D:12     | Killed a deep troll earth mage
 12203 | D:12     | Noticed a four-headed hydra
 12208 | D:12     | Killed a four-headed hydra
 12253 | D:12     | Killed a centaur warrior
 12253 | D:12     | Gained Morbeogh as an ally
 12334 | D:12     | Noticed a boulder beetle
 12353 | D:12     | Killed a boulder beetle
 12354 | D:12     | Reached skill level 16 in Axes
 12484 | D:12     | Noticed a centaur warrior
 12508 | D:12     | Killed a centaur warrior
 12644 | D:12     | Reached ****** piety under Beogh
 12647 | D:12     | Noticed a four-headed hydra
 12652 | D:12     | Killed a four-headed hydra
 12722 | D:12     | Noticed Nergalle
 13360 | Lair:1   | Entered Level 1 of the Lair of Beasts
 13964 | Lair:1   | Found a runed translucent door.
 13965 | Lair:1   | Found a shimmering altar of Xom.
 13965 | Lair:1   | Noticed H0rd4k's ghost (journeyman HuAr)
 13979 | Lair:1   | Killed H0rd4k's ghost
 14406 | Lair:2   | Noticed a four-headed hydra
 14416 | Lair:2   | Killed a four-headed hydra
 14417 | Lair:2   | Reached XP level 13. HP: 112/117 MP: 19/19
 14494 | Lair:2   | Found a hole to the Spider Nest.
 14563 | Lair:2   | Noticed Prince Ribbit
 14582 | Lair:2   | Killed Prince Ribbit
 14806 | Lair:2   | Found a staircase to the Shoals.
 14963 | Lair:3   | Found a dark tunnel.
 14972 | Volcano  | Entered a volcano
 15840 | Lair:3   | Found a hazy altar of Hepliaklqana.
 16271 | Lair:4   | Gained Urtork as an ally
 17096 | Lair:5   | Found a staircase to the Slime Pits.
 17289 | Lair:5   | Found a frozen archway.
 17312 | Lair:5   | Reached skill level 17 in Axes
 17315 | Lair:5   | Reached XP level 14. HP: 54/127 MP: 21/21
 17316 | Lair:5   | Reached skill level 10 in Invocations
 17329 | IceCv    | Entered an ice cave
 18211 | IceCv    | Noticed a frost giant
 18226 | IceCv    | Killed a frost giant
 18239 | IceCv    | Reached skill level 10 in Shields
 18840 | Orc:1    | Entered Level 1 of the Orcish Mines
 18936 | Orc:1    | Found a flagged portal.
 18947 | Bailey   | Entered a bailey
 19446 | Orc:2    | Entered Level 2 of the Orcish Mines
 19475 | Orc:2    | Noticed an orc warlord
 19931 | Orc:2    | Found a staircase to the Elven Halls.
 19958 | Orc:2    | Found Raracwau's Gadget Boutique.
 19980 | Orc:2    | Gained Bogrim as an ally
 19995 | Orc:2    | Your ally Bogrim died
 19996 | Orc:2    | Gained Brunolf as an ally
 20004 | Orc:2    | Found Quolasic's Jewellery Shop.
 20009 | Orc:2    | Found Ninot's Jewellery Shoppe.
 20016 | Orc:2    | Found Woiqofoi's Distillery.
 20179 | Orc:2    | Bought a potion of curing for 45 gold pieces
 20179 | Orc:2    | Bought a potion of curing for 45 gold pieces
 20179 | Orc:2    | Bought a potion of curing for 45 gold pieces
 20179 | Orc:2    | Bought a potion of heal wounds for 75 gold pieces
 21297 | D:13     | Reached XP level 15. HP: 116/137 MP: 23/23
 21302 | D:13     | Reached skill level 18 in Axes
 21307 | D:13     | Gained Herok as an ally
 22360 | D:14     | Noticed Frances
 22366 | D:14     | Gained Harm as an ally
 22372 | D:14     | Killed Frances
 22376 | D:14     | Gained Bogward as an ally
 23277 | D:14     | Found a gate to the Vaults.
 23468 | D:14     | Found a portal to a secret trove of treasure.
 23800 | D:15     | Entered Level 15 of the Dungeon
 23985 | D:15     | Found a gate leading to a gauntlet.
 24035 | Gauntlet | Entered a Gauntlet
 24035 | Gauntlet | Found a transporter.
 24035 | Gauntlet | Found a transporter.
 24035 | Gauntlet | Found a transporter.
 24036 | Gauntlet | Found a transporter.
 24046 | Gauntlet | Found a transporter.
 24056 | Gauntlet | Found a transporter.
 24071 | Gauntlet | Found a transporter.
 24083 | Gauntlet | Found a transporter.
 24096 | Gauntlet | Found a transporter.
 24102 | Gauntlet | Found a transporter.
 24112 | Gauntlet | Found a large runed translucent door.
 24113 | Gauntlet | Found a large runed translucent door.
 24114 | Gauntlet | Found a large runed translucent door.
 24114 | Gauntlet | Found a large runed translucent door.
 24115 | Gauntlet | Found a runed translucent gate.
 24116 | Gauntlet | Found a transporter.
 24116 | Gauntlet | Found a runed translucent gate.
 24117 | Gauntlet | Found a runed translucent gate.
 24118 | Gauntlet | Found a large runed translucent door.
 24118 | Gauntlet | Found a large runed translucent door.
 24119 | Gauntlet | Found a large runed translucent door.
 24120 | Gauntlet | Found a large runed translucent door.
 24129 | Gauntlet | Found a large runed translucent door.
 24129 | Gauntlet | Found a large runed translucent door.
 24129 | Gauntlet | Found a runed translucent door.
 24129 | Gauntlet | Found a runed translucent door.
 24130 | Gauntlet | Found a large runed translucent door.
 24131 | Gauntlet | Found a large runed translucent door.
 24133 | Gauntlet | Found a transporter.
 24173 | Gauntlet | Found a large runed translucent door.
 24174 | Gauntlet | Found a large runed translucent door.
 24175 | Gauntlet | Found a large runed translucent door.
 24175 | Gauntlet | Found a large runed translucent door.
 24292 | Gauntlet | Got a bone glaive
 24376 | Gauntlet | Got a slimy buckler
 24387 | Gauntlet | Identified the +3 buckler of Nenemod {Str+4 Int+5} (You
                  | found it in a Gauntlet)
 24624 | D:15     | Reached skill level 19 in Axes
 24639 | D:15     | Found a staircase to the Depths.
 24652 | D:15     | Gained Morguth as an ally
 24875 | D:15     | Reached XP level 16. HP: 113/147 MP: 25/25
 24894 | D:15     | Identified the +7 glaive "Undertaker" {flame, rElec rF-
                  | Dex+5} (You found it in a Gauntlet)
 25080 | D:15     | Found an opulent altar of Gozag.
 25082 | D:15     | Found a shadowy altar of Dithmenos.
 25082 | D:15     | Found an ancient bone altar of Kikubaaqudgha.
 25084 | D:15     | Found a shimmering altar of Xom.
 25084 | D:15     | Found a bloodstained altar of Trog.
 25084 | D:15     | Found a broken altar of Ashenzari.
 25109 | D:15     | Found Lorchuik's Magic Scroll Shoppe.
 25116 | D:15     | Bought a scroll of identify for 30 gold pieces
 25116 | D:15     | Bought a scroll of identify for 30 gold pieces
 25602 | D:8      | Bought the cursed +1 halberd "Jyeblon" {holy, +Rage rF+}
                  | for 400 gold pieces
 25724 | Orc:2    | Bought a potion of ambrosia for 120 gold pieces
 25724 | Orc:2    | Bought a potion of cancellation for 120 gold pieces
 25724 | Orc:2    | Bought a potion of curing for 45 gold pieces
 25724 | Orc:2    | Bought a potion of invisibility for 120 gold pieces
 25967 | Shoals:1 | Entered Level 1 of the Shoals
 27437 | Shoals:2 | Reached skill level 15 in Armour
 27787 | Shoals:2 | Noticed Ilsuiw
 27826 | Shoals:2 | Killed Ilsuiw
 28562 | Shoals:3 | Gained Wardok as an ally
 28620 | Shoals:3 | Noticed Jorgrun
 28623 | Shoals:3 | Your ally Morguth died
 28629 | Shoals:3 | Noticed Bai Suzhen
 28630 | Shoals:3 | Killed Jorgrun
 28635 | Shoals:3 | Killed Bai Suzhen
 28636 | Shoals:3 | Reached XP level 17. HP: 116/154 MP: 27/27
 28674 | Shoals:3 | Found a runed translucent door.
 28676 | Shoals:3 | Noticed Dalyotam's ghost (adept OpDe)
 28950 | Shoals:3 | Reached skill level 15 in Fighting
 29045 | Shoals:3 | Identified 2 scrolls of acquirement
 29046 | Shoals:3 | Acquired 843 gold pieces
 29048 | Shoals:3 | Acquired 843 gold pieces
 29210 | Shoals:3 | Killed Dalyotam's ghost
 29361 | Shoals:4 | Entered Level 4 of the Shoals
 29400 | Shoals:4 | Gained Ognian as an ally
 29445 | Shoals:4 | Noticed Kirke
 29453 | Shoals:4 | Reached skill level 20 in Axes
 29465 | Shoals:4 | Killed Kirke
 29584 | Shoals:4 | Noticed a kraken
 29593 | Shoals:4 | Your ally Morbeogh died
 29594 | Shoals:4 | Your ally died
 29611 | Shoals:4 | Killed a kraken
 29613 | Shoals:4 | Got a barnacled rune of Zot
 29641 | Shoals:4 | Your ally Ugrim died
 29730 | Shoals:4 | Found Loujouz's Assorted Antiques.
 30428 | Shoals:4 | Got a pitted trident
 30505 | Shoals:4 | Identified the cursed +1 trident "Egutrak" {speed, rN+}
                  | (You found it on level 4 of the Shoals)
 30731 | Spider:1 | Entered Level 1 of the Spider Nest
 30933 | Spider:1 | Reached skill level 15 in Shields
 31265 | Spider:1 | Your ally Brunolf died
 32107 | Spider:2 | Reached XP level 18. HP: 160/163 MP: 28/28
 32504 | Spider:3 | Noticed Roxanne
 32516 | Spider:3 | Banished Roxanne
 32590 | Spider:3 | Noticed Nikola
 32600 | Spider:3 | Killed Nikola
 33107 | Spider:4 | Entered Level 4 of the Spider Nest
 33763 | Spider:4 | Reached skill level 15 in Invocations
 34147 | Spider:4 | Got a gossamer rune of Zot
 34457 | Vaults:1 | Entered Level 1 of the Vaults
 34551 | Vaults:1 | Noticed Asterion
 34562 | Vaults:1 | Killed Asterion
 34916 | Vaults:1 | Found Buiv's Weapon Shop.
 35315 | Vaults:1 | Got a dazzling battleaxe
 35373 | Vaults:1 | Reached XP level 19. HP: 148/172 MP: 30/30
 35440 | Vaults:1 | Noticed Donald
 35451 | Vaults:1 | Killed Donald
 35783 | Vaults:2 | Noticed Xtahua
 35797 | Vaults:2 | Killed Xtahua
 36050 | Vaults:2 | Got a scintillating steel ring
 36052 | Vaults:2 | Identified the ring "Otsoj" {Wiz rElec rPois Str+3 Dex-2}
                  | (You found it on level 2 of the Vaults)
 36590 | Vaults:2 | Reached skill level 21 in Axes
 36684 | Vaults:2 | Found a staircase to the Crypt.
 37338 | Vaults:3 | Noticed a lich
 37359 | Vaults:3 | Your ally Harm died
 37426 | Vaults:3 | Your ally Urtork died
 37846 | Vaults:3 | Identified the +3 battleaxe "Filas" {venom, Int+3} (You
                  | found it on level 1 of the Vaults)
 38041 | Vaults:3 | Gained Oreg as an ally
 38652 | Vaults:3 | Noticed a tentacled monstrosity
 38657 | Vaults:3 | Banished a tentacled monstrosity
 39691 | Vaults:4 | Gained Wargath as an ally
 39692 | Vaults:4 | Reached XP level 20. HP: 147/183 MP: 32/32
 40575 | Vaults:5 | Entered Level 5 of the Vaults
 40619 | Vaults:5 | Noticed a golden dragon
 40630 | Vaults:5 | Banished a golden dragon
 40677 | Vaults:5 | Reached skill level 22 in Axes
 40753 | Vaults:5 | Your ally Wardok died
 40753 | Vaults:5 | Your ally Bogward died
 40754 | Vaults:5 | Identified the +9 great mace of Intimidation {freeze,
                  | Dex+2}
 40759 | Vaults:5 | Gained Margrim as an ally
 40760 | Vaults:5 | Reached XP level 21. HP: 11/194 MP: 33/33
 40764 | Vaults:5 | Your ally Margrim died
 40812 | Vaults:5 | Your ally Wargath died
 40820 | Vaults:5 | Your ally Morguth died
 40823 | Vaults:5 | Your ally Brunolf died
 40823 | Vaults:5 | Your ally Ognian died
 40846 | Vaults:5 | Your ally Bogrim died
 41302 | Vaults:5 | Got a twisted scale mail
 41317 | Vaults:5 | Identified the +5 scale mail of Enumm {rN+} (You found it
                  | on level 5 of the Vaults)
 41401 | Vaults:5 | Got a silver rune of Zot
 41870 | Vaults:5 | Noticed a golden dragon
 41888 | Vaults:5 | Killed a golden dragon
 42256 | Vaults:5 | Got a bloodstained chain mail
 42273 | Vaults:5 | Identified the cursed +0 chain mail of the Many Tables
                  | {Dex+3} (You found it on level 5 of the Vaults)
 43129 | Slime:1  | Entered Level 1 of the Pits of Slime
 43251 | Lair:5   | HP: 9/195 [azure jelly (39)]
 43252 | Lair:5   | Mangled by an azure jelly

Illustrated notes

Levels and vault maps discovered:
D:1:      grunt_arrival_crossed_arrows, layout_loops_corners
D:2:      layout_loops_corners, ashenzari_altar_1, yredelemnul_altar_generic,
          serial_bayou_crossing
D:3:      layout_loops_ring, xom_butterflies, minitemple,
          grunt_dithmenos_smoke_and_mirrors
D:4:      layout_rooms, lemuel_coloured_pillars_altar, portal_sewer_entry_a,
          uniq_eustachio
D:5:      layout_loops_cross, uniq_ijyb, uniq_crazy_yiuf_cottage
D:6:      layout_loops_ring, corexii_leaking_fountain, patterned_corridor
D:7:      minmay_evil_eye, layout_cave_pools, temple_hall, uniq_pikel,
          uniq_harold
D:8:      layout_cave_pods, serial_shops, shop
D:9:      layout_basic
D:10:     layout_gridville, hiddenorc2_lemuel
D:11:     layout_rooms, grunt_lair_entry_orc_guard_hut,
          nemelex_diamond_rough_becter
D:12:     minmay_the_grid_square_5x5_5x5 [minmay_the_grid_square_5x5_fat_x,
          minmay_the_grid_square_5x5_seven, minmay_the_grid_square_5x5_spiral,
          minmay_the_grid_square_5x5_one_wall, minmay_the_grid_square_5x5_slash,
          minmay_the_grid_square_5x5_dogpile,
          minmay_the_grid_square_5x5_prize_open, minmay_the_grid_square_5x5_six,
          minmay_the_grid_square_5x5_prize_gold,
          minmay_the_grid_square_5x5_six_small,
          minmay_the_grid_square_5x5_hourglass, minmay_the_grid_square_5x5_plus,
          minmay_the_grid_square_5x5_prize_monsterx,
          minmay_the_grid_square_5x5_misaligned,
          minmay_the_grid_square_5x5_checkered_statues,
          minmay_the_grid_square_5x5_percent,
          minmay_the_grid_square_5x5_prize_deathbox,
          minmay_the_grid_square_5x5_tetrominoes,
          minmay_the_grid_square_5x5_prize_itemx,
          minmay_the_grid_square_5x5_checkered, minmay_the_grid_square_5x5_tie,
          minmay_the_grid_square_5x5_fancy_junction,
          minmay_the_grid_square_5x5_minivault,
          minmay_the_grid_square_5x5_inner_z,
          minmay_the_grid_square_5x5_shuriken], layout_rooms, uniq_nergalle
D:13:     layout_loops_ring
D:14:     layout_loops_ring, grunt_vaults_entry_fortified, skrybe_limestone_x,
          trove_entry_hex_spiral, special_room [special_room_orc], uniq_frances
D:15:     gammafunk_enter_depths_forms, layout_loops_cross, serial_glass,
          glass_columns_b, glass_columns_c, glass_columns_a, glass_columns_b,
          glass_columns_b, glass_columns_c, glass_columns_a, glass_columns_c,
          glass_columns_a, glass_columns_a, gauntlet_entry_generic,
          serial_shops, shop, fountainhead, doesnt_xom_only_xom
Lair:1:   layout_cave_pods, ebering_ghost_xom, lemuel_fruit_fields,
          grunt_megastairs_5
Lair:2:   layout_roguey, minmay_shoals_entry_beasts,
          spider_nest_entry_web_field, infiniplex_staircase_pool_2,
          serial_bayou_shore_a, lemuel_fruit_fields, uniq_prince_ribbit2
Lair:3:   layout_hall_layers, serial_bayou, serial_bayou_pond_e,
          serial_bayou_pond_a, serial_bayou_lake_a, serial_bayou_pond_d,
          basic_altar, enter_volcano_2, st_stairs_4, nzn_sisyphean_effort
Lair:4:   layout_regular_city, minivault_11, nicolae_quartered_pool_little,
          cheibrodos_lair_reptile_den, grunt_megastairs_1
Lair:5:   layout_roguey, slime_dummy, portal_ice_cave_entry_animals_and_master,
          lemuel_fruit_tree
Shoals:1: layout_shoals, nicolae_shoals_mertower
Shoals:2: layout_shoals, uniq_ilsuiw
Shoals:3: layout_shoals, ebering_ghost_reflecting_pool, uniq_bai_suzhen,
          uniq_jorgrun
Shoals:4: shoals_end_hangedman, layout_shoals, serial_shops, shop_statue,
          uniq_kirke
Spider:1: layout_spider_delve
Spider:2: layout_spider_delve
Spider:3: layout_spider_delve, drop_trap, uniq_nikola, uniq_roxanne
Spider:4: floodkiller_spider_rune_tomb, drop_trap
Slime:1:  layout_caves, basic_altar, cheibrodos_slime_lost_civilization_4
Slime:2:  layout_caves, nicolae_slime_welcoming_committee, uniq_dissolution
Orc:1:    layout_diamond_mine, enter_bailey_3
Orc:2:    st_orc_open, layout_caves
Vaults:1: hangedman_vaults_slice, ontoclasm_vaults_chip, vaults_room_boxed,
          v_misc_12, nicolae_vaults_specimen_jars, v_pattern_3,
          vaults_room_semicircle, nicolae_vaults_little_squares_4,
          nicolae_vaults_yaktaur_gun_rack, v_misc_19, v_misc_22, v_misc_25,
          layout_vaults_big_room, serial_shops, nicolae_shop_stone,
          uniq_asterion, uniq_donald
Vaults:2: v_misc_13, grunt_vaults_bifocal, minmay_crypt_entry_simple_sparse,
          nicolae_vaults_mini_display_case, nicolae_vaults_shelves_hall,
          layout_vaults_quadrants, uniq_xtahua
Vaults:3: vaults_dpeg_hooks, ontoclasm_vaults_gateway,
          nicolae_vaults_ninety_degrees, v_misc_14,
          ontoclasm_vaults_loading_screen, st_lines, ontoclasm_vaults_eye,
          hangedman_vaults_variations, hangedman_vaults_snaps, vaults_room_grid,
          vaults_room_fours, layout_vaults_ring
Vaults:4: nicolae_vaults_minivaults, nicolae_vaults_puzzle_piece, v_misc_18,
          v_misc_10, v_misc_5, grunt_vaults_hallway_short,
          nicolae_vaults_network_periphery, v_rooms_4,
          grunt_vaults_hallway_short, nicolae_vaults_rhombus_6,
          layout_vaults_omnibox
Vaults:5

Skill      XL: |  1  2  3  4  5  6  7  8  9 10 11 12 13 14 15 16 17 18 19 20 |
---------------+-------------------------------------------------------------+-----
Fighting       | 4 5 6 7 8 9 10 11 12 13 14 15 16 18 | 18.5
Armour         | 1 2 3 4 6 8 10 11 13 14 15 16 17 18 | 18.6
Axes           | 5 7 8 10 13 14 15 16 17 19 20 21 22 | 22.6
Invocations    | 4 6 8 9 11 12 13 14 15 16 17 | 17.6
Shields        | 2 4 6 8 10 12 14 15 17 18 19 | 19.8
Dodging        | |  2.4
Stealth        | |  1.5
Evocations     | |  0.1

Action                   |  1- 3 |  4- 6 |  7- 9 | 10-12 | 13-15 | 16-18 | 19-21 || total
-------------------------+-------+-------+-------+-------+-------+-------+-------++-------
Melee: Hand axe          |   134 |   113 |       |       |       |       |       ||   247
       War axe           |       |    98 |   349 |   435 |   583 |       |       ||  1465
       Trident           |       |       |   100 |    17 |    25 |       |       ||   142
       Broad axe         |       |       |       |       |   413 |   759 |   553 ||  1725
       Glaive            |       |       |       |       |    11 |       |       ||    11
Invok: Convert to Beogh  |       |       |     1 |       |       |       |       ||     1
       Recall Orcish Fol |       |       |       |     7 |     8 |    54 |    33 ||   102
       Give Item to Name |       |       |       |       |     5 |     4 |     3 ||    12
       Stop Recall       |       |       |       |       |     3 |     1 |       ||     4
       Resurrection      |       |       |       |       |     1 |     3 |     2 ||     6
       Smiting           |       |       |       |       |       |     4 |       ||     4
Evoke: Wand              |       |       |       |       |     2 |     7 |       ||     9
  Use: Potion            |       |       |     7 |    11 |     2 |     6 |    10 ||    36
       Scroll            |       |       |     6 |     4 |     9 |    18 |    18 ||    55
 Stab: Sleeping          |     8 |     1 |     2 |       |       |       |       ||    11
       Distracted        |       |       |     1 |     4 |     6 |    17 |    11 ||    39
       Petrified         |       |       |       |       |     6 |       |       ||     6
       Invisible         |       |       |       |       |       |     9 |       ||     9
       Fleeing           |       |       |       |       |       |     1 |       ||     1
       Paralysed         |       |       |       |       |       |     1 |     3 ||     4
Armor: Robe              |    14 |    29 |       |       |       |       |       ||    43
       Ring mail         |       |    34 |   164 |    52 |       |       |       ||   250
       Chain mail        |       |       |       |   114 |   464 |     5 |       ||   583
       Scale mail        |       |       |       |     3 |       |       |       ||     3
       Plate armour      |       |       |       |       |       |   425 |   209 ||   634
Dodge: Dodged            |    71 |   150 |   351 |   223 |   289 |   176 |    95 ||  1355
Block: Buckler           |       |       |       |    64 |       |       |       ||    64
       Kite shield       |       |       |       |       |   596 |   688 |   421 ||  1705
       Reflection        |       |       |       |       |       |    57 |    45 ||   102
